Map: Artillería pesada EE

Players

LREYFERNANDO - Winner!

  • Race: Terran Terran
  • Spawn Location: 7:00

NeGo - Winner!

  • Race: Protoss Protoss
  • League: Silver
  • Spawn Location: 7:00

TATORREA

  • Race: Protoss Protoss
  • League: Gold
  • Spawn Location: 3:00

MrFercho

  • Race: Zerg Zerg
  • League: Silver
  • Spawn Location: 1:00

VOD

Have the link to the VOD?

Description

Time

  • Played on: June 29, 2020, 9:46 p.m.
  • Length: 6:00
Show
View Real Time Build Order
Export as new Build Order

LREYFERNANDO Terran - Winner!

Build Orders:  

Get SALT Encoding   

  12  0:01  SCV  
  13  0:20  SCV  
  14  0:26  Supply Depot  
  14  0:32  SCV  
  15  0:48  SCV  
  16  0:50  Barracks  
  16  1:08  Refinery, SCV  
  16  1:10  Supply Depot  
  17  1:15  Refinery  
  17  1:20  SCV  
  19  1:32  SCV  
  19  1:44  SCV  
  20  1:49  Supply Depot  
  20  1:54  Barracks  
  20  2:03  Barracks Reactor  
  20  2:05  Supply Depot  
  20  2:09  Orbital Command  
  20  2:33  Factory  
  20  2:37  SCV  
  20  2:41  Marine  
  20  2:42  Marine  
  23  2:49  SCV  
  24  2:52  Barracks Tech Lab  
  24  2:59  Marine  
  24  3:00  Marine  
  24  3:01  SCV  
  27  3:11  Combat Shield  
  27  3:13  Marauder, SCV  
  27  3:17  Factory Reactor  
  30  3:22  Marine x2  
  32  3:34  Marauder  
  32  3:40  Marine x2  
  40  3:56  Hellion x2  
  44  4:17  Hellion x2  
  44  4:19  Command Center  
  44  4:30  Marine x2  
Show
View Real Time Build Order
Export as new Build Order

NeGo Protoss - Winner!

Build Orders: Mass Adepts 

Get SALT Encoding   

  12  0:01  Probe  
  13  0:13  Probe  
  14  0:20  Pylon  
  14  0:25  Probe  
  15  0:38  Probe  
  15  0:40  Gateway  
  16  0:50  Assimilator, Probe  
  17  1:01  Pylon  
  17  1:02  Probe  
  18  1:14  Probe  
  19  1:20  Gateway  
  19  1:26  Probe  
  19  1:29  Cybernetics Core  
  20  1:38  Probe  
  21  1:49  Assimilator  
  21  1:50  Probe  
  21  1:54  Pylon  
  22  2:02  Probe  
  22  2:04  Warp Gate  
  22  2:06  Adept  
  22  2:07  Adept  
  27  2:14  Probe  
  28  2:26  Probe  
  29  2:30  Gateway  
  29  2:45  Twilight Council  
  29  2:57  Nexus  
  29  3:00  Adept  
  31  3:08  Adept  
  33  3:21  Resonating Glaives  
  33  3:26  Adept  
  35  3:30  Pylon  
  35  3:38  Adept  
  37  3:55  Gateway  
  37  3:58  Robotics Facility  
  37  4:09  Adept  
  39  4:10  Adept  
  41  4:27  Gateway  
  41  4:31  Adept x2  
  41  4:32  Adept  
  43  5:03  Adept x4  
  43  5:32  Stalker  
  43  5:33  Stalker x3  
Show
View Real Time Build Order
Export as new Build Order

TATORREA Protoss 

Build Orders:  

Get SALT Encoding   

  12  0:01  Probe  
  13  0:13  Probe  
  14  0:25  Pylon, Probe  
  15  0:43  Probe  
  15  0:45  Gateway  
  16  0:54  Probe  
  17  1:00  Assimilator  
  17  1:02  Probe  
  17  1:05  Pylon  
  17  1:10  Probe  
  19  1:21  Probe  
  20  1:29  Assimilator  
  20  1:33  Probe  
  20  1:35  Cybernetics Core  
  21  1:45  Probe  
  22  1:57  Probe  
  23  2:13  Nexus  
  23  2:17  Pylon  
  23  2:20  Pylon, Probe  
  24  2:26  Robotics Facility  
  24  2:30  Probe  
  25  2:38  Probe  
  25  2:41  Stalker  
  25  2:43  Warp Gate  
  28  2:56  Gateway  
  28  2:58  Probe  
  29  3:06  Probe  
  29  3:08  Pylon  
  30  3:14  Probe  
  30  3:17  Sentry  
  33  3:25  Probe  
  34  3:30  Probe  
  39  3:34  Immortal  
  39  3:38  Probe  
  40  3:42  Assimilator  
  40  3:44  Probe  
  41  3:50  Stalker  
  43  3:56  Stalker  
  43  3:57  Probe  
  43  3:58  Probe  
  47  4:10  Robotics Bay  
  47  4:13  Probe x2, Observer  
  50  4:22  Probe x2  
  50  4:26  Assimilator  
  50  4:30  Probe x2  
  52  4:33  Stalker  
  52  4:35  Stalker  
  45  5:01  Stalker x2  
Show
View Real Time Build Order
Export as new Build Order

MrFercho Zerg 

Build Orders: Hatch First 

Get SALT Encoding   

  12  0:01  Drone  
  13  0:13  Overlord  
  13  0:18  Drone  
  14  0:31  Drone x2  
  16  0:59  Hatchery  
  15  1:06  Spawning Pool  
  15  1:07  Drone  
  15  1:11  Drone  
  15  1:15  Drone  
  17  1:19  Drone  
  18  1:29  Drone  
  19  1:35  Extractor  
  18  1:41  Drone  
  19  1:55  Queen  
  19  1:56  Overlord  
  21  2:04  Drone  
  22  2:11  Queen  
  22  2:12  Drone  
  22  2:13  Drone  
  26  2:22  Drone  
  27  2:23  Drone  
  28  2:36  Lair  
  28  2:41  Drone x2  
  28  2:43  Drone  
  31  2:44  Drone  
  32  2:54  Queen  
  32  2:57  Drone x2  
  36  3:07  Overlord x2  
  36  3:17  Roach Warren  
  36  3:18  Evolution Chamber, Drone  
  35  3:25  Drone x6  
  41  3:30  Extractor  
  41  3:31  Extractor, Drone x2  
  41  3:45  Hydralisk Den, Drone x2  
  42  3:49  Overseer  
  42  3:51  Drone  
  47  4:10  Drone x6  
  49  4:20  Muscular Augments  
  49  4:35  Hatchery, Hydralisk x2  
  52  4:39  Overlord x4  
  52  5:01  Roach x5  
  62  5:15  Hydralisk x4  
  70  5:28  Hydralisk x2  
Tags
 
Add a new tag
Caveats
  • Supply blocks, unpowered buildings, or Contaminate may cause inaccurate times.
  • Supply counts are checked every 10 seconds.